 Dungeon Crawl Stone Soup version 0.22.1 (webtiles) character file.

134 Drachen the Conjurer (level 4, 0/33 HPs)
             Began as a Draconian Conjurer on Sept 18, 2018.
             Was an Initiate of Vehumet.
             Slain by Pikel
             ... wielding a +1 whip of electrocution
              (5 damage)
             ... on level 7 of the Dungeon.
             The game lasted 00:11:17 (3146 turns).

Drachen the Conjurer (Draconian Conjurer)           Turns: 3146, Time: 00:11:18

Health: 0/33       AC:  7    Str:  9 (10) XL:     4   Next: 95%
Magic:  0/7        EV: 12    Int: 16 (17) God:    Vehumet [......]
Gold:   148        SH:  0    Dex:  9 (11) Spells: 3/7 levels left

rFire    + . .     SeeInvis .   c - +1 dagger (venom)
rCold    . . .     Gourm    .   (no shield)
rNeg     . . .     Faith    .   (armour unavailable)
rPois    .         Spirit   .   e - +2 hat
rElec    .         Reflect  .   (no cloak)
rCorr    .         Harm     .   (no gloves)
MR       .....     Rnd*Tele +   (no boots)
Stlth    ++........             (no amulet)
HPRegen  0.11/turn              (no ring)
MPRegen  0.10/turn              (no ring)

@: no status effects
A: unfitting armour, fire resistance 1, teleportitis 1, cold-blooded, AC +5
a: Renounce Religion


You were on level 7 of the Dungeon.
You worshipped Vehumet.
Vehumet was noncommittal.
You were not hungry.

You visited 2 branches of the dungeon, and saw 6 of its levels.

You collected 148 gold pieces.

Inventory:

Hand Weapons
 a - a +0 club
 c - a +1 dagger of venom (weapon)
Armour
 e - a +2 hat (worn)
Jewellery
 j - a -3 ring of intelligence
Wands
 g - a wand of random effects (11)
Potions
 i - a potion of degeneration
Comestibles
 b - 2 rations


   Skills:
 - Level 3.2 Short Blades
 - Level 1.7 Dodging
 - Level 1.7 Stealth
 + Level 2.3 Spellcasting
 + Level 4.2 Conjurations
 - Level 2.1 Hexes


You had 3 spell levels left.
You knew the following spells:

 Your Spells              Type           Power        Failure   Level  Hunger
a - Magic Dart            Conj           ###.         3%          1    #......
b - Dazzling Spray        Conj/Hex       ##....       16%         3    ###....

Your spell library contained the following spells:

 Spells                   Type           Power        Failure   Level  Hunger
 Searing Ray              Conj           ###...       5%          2    ###....
 Iskenderun's Mystic Bla  Conj           ###.....     34%         4    #####..
 Fulminant Prism          Conj/Hex       ##........   47%         4    #####..
 Force Lance              Conj/Tloc      #.......     63%         4    #####..


Dungeon Overview and Level Annotations

Branches:
Dungeon (7/15)             Temple (1/1) D:6

Altars:
Ashenzari
Cheibriados
Dithmenos
Elyvilon
Fedhas
Gozag
Hepliaklqana
Kikubaaqudgha
Makhleb
Nemelex Xobeh
Qazlal
Ru
Sif Muna
Trog
Uskayaw
Vehumet
Wu Jian
Yredelemnul
Zin

Annotations:
D:7 Pikel


Innate Abilities, Weirdness & Mutations

Your plain brown scales are hard. (AC +5)
You cannot fit into any form of body armour.
You are cold-blooded and may be slowed by cold attacks.
Your flesh is heat resistant. (rF+)
You are occasionally teleported next to monsters.


Message History

Okay, then.
It was a potion of cancellation.
You feel magically purged.
Your magical contamination has completely faded away.
Pikel hits you but does no damage.
You are electrocuted!
Ouch! That really hurt!
* * * LOW HITPOINT WARNING * * *
Casting: Dazzling Spray (safe; 16% risk of failure)
Confirm with . or Enter, or press ? or * to list all spells.
You don't have enough magic to cast that spell.
The phantom blinks!
Casting: Dazzling Spray (safe; 16% risk of failure)
Confirm with . or Enter, or press ? or * to list all spells.
Aiming: Dazzling Spray (safe; 16% risk of failure)
Press: ? - help, Shift-Dir - straight line, f - Pikel
Aim: Pikel, wielding a whip of electrocution and wearing a robe The spray of energy hits Pikel.
Pikel closely misses you.
You aren't carrying any scrolls.
Okay, then.
Pikel hits you with a whip of electrocution.
You die...

#### ####..# #.....#
#.....## #...@..#
#..K...# #......#
###### ####.#.# ..
#.......
#W#.###.#.........
####.#..... ......)..
###..#O....###.........
.........#............
...O.W..............


You could see a two-headed ogre, Pikel and a phantom.

Vanquished Creatures
  A hound zombie (D:6)
  2 worker ant zombies (D:7)
  Robin (D:1)
  3 adders
  A dart slug (D:2)
  A leopard gecko (D:1)
  2 giant cockroaches (D:1)
  7 hobgoblins
  3 jackals (D:1)
  11 kobolds
  A quokka (D:7)
  6 bats (D:1)
  2 frilled lizards
  12 goblins
  5 rats
58 creatures vanquished.

Notes
Turn   | Place    | Note
-------+----------+-------------------------------------------
     0 | D:1      | Drachen the Draconian Conjurer began the quest for the Orb.
     0 | D:1      | Reached XP level 1. HP: 14/14 MP: 3/3
   222 | D:1      | Reached XP level 2. HP: 9/20 MP: 5/5
   407 | D:1      | Reached skill level 1 in Short Blades
   847 | D:1      | Reached XP level 3. HP: 26/26 MP: 6/6
   852 | D:1      | Learned a level 3 spell: Dazzling Spray
  1801 | D:2      | Noticed Robin
  1960 | D:1      | Killed Robin
  2052 | D:2      | Found a blossoming altar of Fedhas.
  2073 | D:2      | Reached XP level 4. HP: 25/33 MP: 7/7
  2355 | D:2      | Reached skill level 1 in Hexes
  2492 | D:3      | You fall through a shaft for 3 floors!
  2506 | D:6      | Noticed a slave
  2812 | D:6      | Found a staircase to the Ecumenical Temple.
  2818 | D:6      | Noticed an orc warrior
  2820 | D:6      | Noticed an ice beast
  2821 | Temple   | Entered the Ecumenical Temple
  2963 | Temple   | Became a worshipper of Vehumet
  3006 | D:6      | Noticed a slave
  3006 | D:6      | Noticed a slave
  3109 | D:7      | Noticed a two-headed ogre
  3128 | D:7      | Noticed a phantom
  3132 | D:6      | Noticed Pikel
  3132 | D:6      | Noticed a slave
  3140 | D:7      | Gained mutation: You are occasionally teleported next to
                  | monsters. [potion of mutation]
  3140 | D:7      | Gained mutation: Your flesh is heat resistant. (rF+)
                  | [potion of mutation]
  3146 | D:7      | Slain by Pikel

Skill      XL: |  1  2  3  4 |
---------------+-------------+-----
Short Blades   | 2 3 |  3.2
Hexes          | 2 |  2.1
Dodging        | |  1.7
Stealth        | |  1.7
Spellcasting   | |  2.3
Conjurations   | |  4.2

Action                   |  1- 3 |  4- 6 || total
-------------------------+-------+-------++-------
Melee: Unarmed           |    25 |       ||    25
       Dagger            |   116 |    65 ||   181
       Tailslap          |     8 |     5 ||    13
 Cast: Magic Dart        |     8 |    17 ||    25
       Dazzling Spray    |     1 |     3 ||     4
  Use: Scroll            |     8 |     4 ||    12
       Potion            |       |     3 ||     3
 Stab: Sleeping          |     2 |       ||     2
  Eat: Chunk             |     4 |     2 ||     6
       Ration            |       |     1 ||     1
Armor: Skin              |    39 |    18 ||    57
Dodge: Dodged            |    84 |    40 ||   124
